 Dungeon Crawl Stone Soup version 0.27-a0-46-g34d46f0a3f (webtiles) character file.

Game seed: 17220591820213570236

291 Borgoz the Shield-Bearer (level 6, -6/43 HPs)
             Began as a Halfling Fighter on Jan 6, 2021.
             Mangled by a gnoll
             ... wielding a +0 halberd
              (8 damage)
             ... on level 2 of the Dungeon.
             The game lasted 00:02:09 (2087 turns).

Borgoz the Shield-Bearer (Halfling Fighter)         Turns: 2087, Time: 00:02:09

Health: -6/43      AC:  7    Str: 18 (19) XL:     6   Next: 59%
Magic:  6/6        EV:  9    Int:  4 (6)  God:
Gold:   108        SH: 10    Dex: 11 (14) Spells: 5/5 levels left

rFire    + . .     SeeInvis .   a - +0 long sword
rCold    + . .     Faith    .   c - +0 kite shield
rNeg     . . .     Spirit   .   b - +0 scale mail
rPois    +         Reflect  .   (no helmet)
rElec    +         Harm     .   (no cloak)
rCorr    +         Rampage  .   (no gloves)
Will     .....                  (no boots)
Stlth    ..........             (no amulet)
HPRegen  0.14/turn              (no ring)
MPRegen  0.10/turn              (no ring)

@: resistant
A: small, mutation resistance 1
a: no special abilities


You were on level 2 of the Dungeon.
You visited 1 branch of the dungeon, and saw 2 of its levels.

You collected 108 gold pieces.

Inventory:

Hand Weapons
 a - a +0 long sword (weapon)
Armour
 b - a +0 scale mail (worn)
 c - a +0 kite shield (worn)
 i - a +1 ring mail of cold resistance
 j - a +0 pair of gloves
Jewellery
 h - a cursed amulet of inaccuracy {unknown}
Scrolls
 e - 2 scrolls of remove curse
 f - 2 scrolls of teleportation
 k - a scroll of immolation {unknown}
 l - a scroll of fog {unknown}


   Skills:
 + Level 3.6 Fighting
 * Level 4.3 Long Blades
 + Level 4.4 Armour
 + Level 4.5 Shields


You had 5 spell levels left.
You didn't know any spells.
Your spell library was empty.

Dungeon Overview and Level Annotations

Branches:
Dungeon (2/15)

Altars:
Kikubaaqudgha


Innate Abilities, Weirdness & Mutations

You are small and have problems with some larger weapons.
You are somewhat resistant to further mutation.


Message History

You are too injured to fight recklessly!
You are too injured to fight recklessly!
You are too injured to fight recklessly!
You are too injured to fight recklessly!
You are too injured to fight recklessly!
You are too injured to fight recklessly!
It was a potion of resistance.
You feel protected. The gnoll closely misses you. You block the gnoll's attack.
You block the kobold's attack.
You hit the kobold.
The kobold is severely wounded.
You block the gnoll's attack. The gnoll closely misses you.
You block the gnoll's attack. The kobold closely misses you.
The gnoll hits you!
* * * LOW HITPOINT WARNING * * *
You miss the kobold.
The kobold is severely wounded.
The gnoll hits you from afar with a +0 halberd!
You die...

#.#..'.#.#...≈..#
#.######
[#[⌠.###...#########
#.# #.#.## #####
#..[..# #.# ...##
###.....# #.#####
#### .......#
#.....# # #.....#
#####.# # #.g.g.#
#.# # #g# #.# # #@#
#.# #
#.#K###########.####
####
#...........†)......
...# #.#
########........####
##.# ##.##
#.######## #.###≈≈≈#
#.# #...#≈.≈# #.#
#.#.#≈.≈# #.#
##.#.#≈.≈ #.#


You could see 3 gnolls and a kobold.

Vanquished Creatures
  Sigmund (D:2)
  Natasha (thrice) (D:2)
  A gnoll (D:2)
  An adder (D:2)
  2 worms (D:2)
  A dart slug (D:2)
  A leopard gecko (D:2)
  2 bat skeletons (D:2)
  2 bat zombies (D:2)
  5 giant cockroaches
  8 goblins
  4 hobgoblins
  3 jackals (D:1)
  2 bats
  3 frilled lizards
  2 kobolds (D:2)
  A rat (D:1)
42 creatures vanquished.

Notes
Turn   | Place    | Note
-------+----------+-------------------------------------------
     0 | D:1      | Borgoz the Halfling Fighter began the quest for the Orb.
     0 | D:1      | Reached XP level 1. HP: 15/15 MP: 1/1
   163 | D:1      | Reached XP level 2. HP: 20/20 MP: 2/2
   579 | D:1      | Reached XP level 3. HP: 21/25 MP: 3/3
   913 | D:2      | Noticed Sigmund
   931 | D:2      | HP: 1/26 [something (8)]
   935 | D:2      | Killed Sigmund
   936 | D:2      | Reached XP level 4. HP: 20/31 MP: 4/4
   936 | D:2      | Reached XP level 5. HP: 23/36 MP: 5/5
   936 | D:2      | Reached XP level 6. HP: 27/42 MP: 6/6
  1259 | D:2      | Noticed Natasha
  1286 | D:2      | Killed Natasha
  1445 | D:2      | Noticed Natasha
  1461 | D:2      | Killed Natasha
  1555 | D:2      | Found an ancient bone altar of Kikubaaqudgha.
  1775 | D:2      | Noticed Natasha
  1790 | D:2      | Killed Natasha
  2086 | D:2      | HP: 2/43 [gnoll (7)]
  2087 | D:2      | Mangled by a gnoll

Illustrated notes

Levels and vault maps discovered:
D:1:      dpeg_arrival_renting, layout_loops_ring,
          chequers_serial_rivers_room_b, serial_bayou_lagoon_b
D:2:      layout_loops_ring, kennysheep_vampire_church, serial_rivers,
          chequers_serial_rivers_micro_e, chequers_serial_rivers_micro_d,
          chequers_serial_rivers_micro_d, chequers_serial_rivers_micro_b,
          chequers_serial_rivers_micro_b, chequers_serial_rivers_micro_a,
          grunt_decor_fettered, uniq_sigmund, uniq_natasha

Skill      XL: |  1  2  3  4  5  6 |
---------------+-------------------+-----
Fighting       | 3 |  3.6
Long Blades    | 3 4 |  4.3
Armour         | 4 |  4.4
Shields        | 4 |  4.5

Action                   |  1- 3 |  4- 6 || total
-------------------------+-------+-------++-------
Melee: Long sword        |    90 |    85 ||   175
  Use: Potion            |     2 |     5 ||     7
       Scroll            |       |     2 ||     2
Armor: Scale mail        |    40 |    35 ||    75
Dodge: Dodged            |    30 |    51 ||    81
Block: Kite shield       |    47 |    69 ||   116
       Rpst.: Long sword |    10 |    13 ||    23

Table legend: (Time is in decaauts)
 A = Elapsed time spent in this place.
 B = Non-inter-level travel time spent in this place.
 C = Inter-level travel time spent in this place.
 D = Time resting spent in this place.
 E = Time spent auto-exploring this place.
 F = Levels seen in this place.
 G = Mean time per level.
                   A        B        C        D        E       F      G
               +--------+--------+--------+--------+--------+-----+--------+
         Total |   2191 |   2171 |     20 |    425 |   1336 |   2 | 1095.5 |
       Dungeon |   2191 |   2171 |     20 |    425 |   1336 |   2 | 1095.5 |
               +--------+--------+--------+--------+--------+-----+--------+

Top non-repeatable levels by time:
     D:2: 1354 daAuts
     D:1: 837 daAuts
